 Dungeon Crawl Stone Soup version 0.30.1-11-g7821555f0a (webtiles) character file.

Game seed: 17803097638731296807

315 TheBioAlchemist the Insei (level 6, -3/55 HPs)
             Began as a Naga Transmuter on Dec 22, 2023.
             Slain by Grinder (6 damage)
             ... on level 4 of the Dungeon.
             The game lasted 00:11:07 (3565 turns).

TheBioAlchemist the Insei (Naga Transmuter)         Turns: 3565, Time: 00:11:09

Health: -3/55      AC:  3    Str: 12    XL:     6   Next: 43%
Magic:  10/10      EV: 10    Int: 15    God:
Gold:   126        SH:  0    Dex: 12    Spells: 9/10 levels left

rFire   . .          .
                       - Unarmed
rCold   . . .        (no shield)
rNeg    . . .        a - +0 robe
rPois   +            (no helmet)
rElec   .            (no cloak)
rCorr   .            (no gloves)
SInv    +            (no barding)
Will    .....        (no amulet)
Stlth   ++           r - ring of flight
HPRegen 0.29/turn    (no ring)
MPRegen 0.12/turn

%: no passive effects
@: flying, very slow
A: AC +2, large, see invisible, deformed body, poison resistance, slowness 2,
spit poison 1, naga tail 1
a: Spit Poison


You were on level 4 of the Dungeon.
You visited 1 branch of the dungeon, and saw 4 of its levels.
You also visited: Sewer.

You collected 126 gold pieces.

Inventory:

Armour
 a - a +0 robe (worn)
Jewellery
 f - a ring of ice
 r - a ring of flight (left hand)
Wands
 q - a wand of mindburst (3)
Scrolls
 c - 2 scrolls of blinking {unknown}
 d - 6 scrolls of magic mapping {unknown}
 e - 2 scrolls of fog {unknown}
 g - a scroll of teleportation {unknown}
 i - 2 scrolls of immolation {unknown}
 j - 3 scrolls of vulnerability {unknown}
 k - 5 scrolls of identify {unknown}
 m - a scroll of noise {unknown}
 v - a scroll of fear {unknown}
 w - a scroll of enchant weapon {unknown}
Potions
 b - 2 potions of mutation {unknown}
 h - a potion of might
 l - 2 potions of invisibility {unknown}
 n - a potion of haste {unknown}
 o - a potion of resistance {unknown}
 p - a potion of curing {unknown}
 s - 3 potions of attraction {unknown}
 t - a potion of lignification
 u - a potion of heal wounds


   Skills:
 + Level 2.4 Fighting
 + Level 2.7 Dodging
 - Level 1.2 Stealth
 * Level 5.0 Unarmed Combat
 + Level 2.7 Spellcasting
 + Level 2.7 Transmutations


You had 9 spell levels left.
You knew the following spells:

 Your Spells              Type           Power      Damage    Failure   Level
a - Beastly Appendage     Tmut           20%        N/A       7%          1

Your spell library contained the following spells:

 Spells                   Type           Power      Damage    Failure   Level
 Wereblood                Tmut           10%        N/A       11%         2
 Magic Dart               Conj           8%         1d3       21%         1
 Call Imp                 Summ           4%         N/A       30%         2
 Spider Form              Tmut/Pois      6%         N/A       34%         3
 Mephitic Cloud           Conj/Pois/Air  2%         N/A       52%         3
 Ice Form                 Ice/Tmut       6%         N/A       75%         4


Dungeon Overview and Level Annotations

Branches:
Dungeon (4/15)              Sewer (visited)
 Temple: D:4-7

Altars:
Elyvilon
Trog

Annotations:
D:4 Grinder


Innate Abilities, Weirdness & Mutations

Your serpentine skin is tough. (AC +2)
You have supernaturally acute eyesight. (SInv)
Armour fits poorly on your strangely shaped body.
Your system is resistant to poisons. (rPois)
You cover ground very slowly.
You can spit poison.
You have a snake-like lower body.


Message History

You hit the jackal.
The jackal is moderately wounded.
The jackal bites you. x2
You hit the jackal.
The jackal is severely wounded.
The jackal misses you.
You hit the jackal but do no damage.
The jackal is heavily wounded.
The jackal bites you but does no damage.
You punch the jackal!
You kill the jackal!
b - 2 amethyst potions (gained 1)
s - 3 fuming blue potions (gained 1) Grinder comes into view.
A ball python comes into view.
Casting: Beastly Appendage (safe; 7% risk of failure)
Confirm with . or Enter, or press ? or * to list all spells.
You grow a pair of large bovine horns.
Your transformation is almost over.
Found a stone staircase leading down.
Grinder gestures at you. Pain shoots through your body!
Grinder barely misses you.
You hit Grinder but do no damage. Grinder completely misses you.
You completely miss Grinder. Grinder hits you!
You closely miss Grinder. Grinder hits you.
You closely miss Grinder. Your headbutt misses Grinder.
You hit Grinder but do no damage. You headbutt Grinder, but do no damage.
Grinder hits you!
You writhe in agony.
* * * LOW HITPOINT WARNING * * *
You hit Grinder but do no damage. Your punch misses Grinder.
Your horns disappear.
Grinder gestures at you. Pain shoots through your body!
* * * LOW HITPOINT WARNING * * *
Aiming: Mindburst
Press: ? - help, Shift-Dir - straight line, f - Grinder
Aim: Grinder (chance to affect: 64%) Grinder struggles to resist.
Grinder hits you.
* * * LOW HITPOINT WARNING * * *
You writhe in agony.
You die...

##################
#................#
#.##.######.####..
####.##.# .#
#.....#.######.#####.
#.###................
#.# #...#####@...###
#.###.###....5......>
#.........###..######
###..###### #..# #..#
#..# #..# #..#
#..########..#
#............#
##..#######


You could see Grinder.

Vanquished Creatures
  Pargi (Sewer)
  2 orc priests (D:4)
  Jessica (D:3)
  An orc wizard (D:4)
  2 adders (D:3)
  2 worms (D:2)
  A dart slug (D:1)
  4 orcs
  6 bats
  8 endoplasms
  9 giant cockroaches
  7 goblins
  8 hobgoblins
  8 jackals
  7 kobolds
  5 quokkas
  3 ball pythons
  3 frilled lizards
  3 rats
81 creatures vanquished.

Notes
Turn   | Place    | Note
-------+----------+-------------------------------------------
     0 | D:1      | TheBioAlchemist the Naga Transmuter began the quest for the
                  | Orb.
     0 | D:1      | Reached XP level 1. HP: 18/18 MP: 3/3
   142 | D:1      | Reached XP level 2. HP: 24/25 MP: 3/5
   417 | D:1      | Found a faded altar of an unknown god.
   438 | D:1      | Reached XP level 3. HP: 4/31 MP: 6/6
  1752 | D:2      | Reached XP level 4. HP: 38/38 MP: 7/7
  1785 | D:2      | Reached skill level 4 in Unarmed Combat
  2149 | D:3      | Noticed Jessica
  2162 | D:3      | Killed Jessica
  2163 | D:3      | Reached skill level 1 in Stealth
  2256 | D:3      | Found a bloodstained altar of Trog.
  2256 | D:3      | Found a white marble altar of Elyvilon.
  2378 | D:3      | Found a glowing drain.
  2405 | Sewer    | Entered a sewer
  2507 | Sewer    | Noticed Pargi
  2526 | Sewer    | Killed Pargi
  2527 | Sewer    | Reached XP level 5. HP: 13/45 MP: 8/8
  2792 | D:3      | Reached XP level 6. HP: 45/52 MP: 9/9
  3379 | D:4      | Reached skill level 5 in Unarmed Combat
  3543 | D:4      | Noticed Grinder
  3565 | D:4      | Slain by Grinder

Illustrated notes

Levels and vault maps discovered:
D:1:      nzn_arrival_crosshair, layout_loops_ring,
          hellmonk_ecumenical_altar_dog_temple, minmay_heptomino_l4
D:2:      layout_loops_corners, minmay_goblin_kobold_house
D:3:      layout_loops_ring, gammafunk_temple_overflow_wave,
          gup_sewer_entry_pipe, uniq_jessica
D:4:      layout_loops_ring, uniq_eustachio, uniq_grinder

Skill      XL: |  1  2  3  4  5  6 |
---------------+-------------------+-----
Dodging        | 2 |  2.7
Unarmed Combat | 4 5 |  5.0
Stealth        | 1 |  1.2
Fighting       | 2 |  2.4
Spellcasting   | |  2.7
Transmutations | |  2.7

Action                     |  1- 3 |  4- 6 || total
---------------------------+-------+-------++-------
  Melee: Unarmed           |   173 |   166 ||   339
         Headbutt          |    12 |    11 ||    23
         Punch             |     6 |     1 ||     7
   Cast: Beastly Appendage |    12 |     8 ||    20
  Evoke: Wand              |       |     2 ||     2
    Use: Potion            |     1 |     1 ||     2
   Stab: Sleeping          |       |     4 ||     4
 Armour: Robe              |    37 |    30 ||    67
         Skin              |       |    24 ||    24
  Dodge: Dodged            |    89 |    92 ||   181
